 Dungeon Crawl Stone Soup version 0.17.0-28-g6e173f8 (webtiles) character file.

79 lucasterio the Magician (level 4, -1/27 HPs)
             Began as an Octopode Wizard on Dec 2, 2015.
             Slain by Terence
             ... wielding a +0 flail
              (5 damage)
             ... on level 2 of the Dungeon.
             The game lasted 00:08:19 (2414 turns).

lucasterio the Magician (Octopode Wizard)           Turns: 2414, Time: 00:08:19

Health: -1/27      AC:  1    Str:  6    XL:     4   Next: 38%
Magic:  1/9        EV: 12    Int: 21    God:
Gold:   106        SH:  0    Dex: 10    Spells: 1 memorised, 9 levels left

rFire  . . .     SeeInvis .     d - +0 whip (curse)
rCold  . . .     Clarity  .     (no shield)
rNeg   . . .     SustAt   .     a - +0 hat
rPois  .         Gourm    .     (no amulet)
rElec  .         Spirit   .     (no ring)
rCorr  .         Warding  .     (no ring)
rMut   .         Stasis   .     (no ring)
MR     .....                    (no ring)
Stlth  +++.......               (no ring)
                                (no ring)
                                (no ring)
                                (no ring)

@: very slightly contaminated, not resistant to hostile enchantments, fairly
stealthy
A: almost no armour, amphibious, 8 rings, constrict 8, camouflage 1, gelatinous
body 1
a: no special abilities


You were on level 2 of the Dungeon.
You were hungry.

You visited 1 branch of the dungeon, and saw 2 of its levels.

You collected 106 gold pieces.

Inventory:

Hand Weapons
 d - a cursed +0 whip (weapon)
 k - a +0 dagger
 m - a +0 dagger
 t - a +2 quarterstaff of chaos
 v - a +0 dagger of distortion
Armour
 a - a +0 hat (worn)
 i - a +0 buckler
Jewellery
 p - an uncursed ring of see invisible {unknown}
Wands
 r - a wand of polymorph (3)
Scrolls
 e - 2 scrolls of random uselessness {unknown}
 g - 2 scrolls of fear {unknown}
 h - a scroll of remove curse {unknown}
 j - 2 scrolls of identify {unknown}
 q - a scroll of teleportation {unknown}
 s - a scroll of amnesia {unknown}
Potions
 l - a potion of flight {unknown}
 o - a potion of brilliance {unknown}
 w - a potion of heal wounds {unknown}
Books
 b - a book of Minor Magic

   Spells                             Type                      Level
   a - Magic Dart                     Conjuration                  1
   b - Blink                          Translocation                2
   c - Call Imp                       Summoning                    2
   d - Repel Missiles                 Charms/Air                   2
   e - Slow                           Hexes                        2
   f - Conjure Flame                  Conjuration/Fire             3
   g - Mephitic Cloud                 Conjuration/Poison/Air       3
Comestibles
 c - 2 bread rations
 f - a slice of pizza
 n - a meat ration


   Skills:
 - Level 2.0 Dodging
 - Level 2.6 Stealth
 + Level 3.5 Spellcasting
 * Level 3.4 Conjurations
   Level 1.0 Summonings
   Level 1.0 Translocations


You had 9 spell levels left.
You knew the following spells:

 Your Spells              Type           Power        Failure   Level  Hunger
a - Magic Dart            Conj           ###.         3%          1    None


Dungeon Overview and Level Annotations

Branches:
Dungeon (2/15)

Altars:
Cheibriados
Elyvilon
Makhleb
Yredelemnul

Annotations:
D:2 Terence


Innate Abilities, Weirdness & Mutations

You cannot wear most types of armour.
You are amphibious.
You can wear up to eight rings at the same time.
You can use your tentacles to constrict eight enemies at once.
Your skin changes colour to match your surroundings (Stealth).
Your rubbery body absorbs attacks (AC +1).


Message History

Casting: Magic Dart
Confirm with . or Enter, or press ? or * to list all spells.
Aiming: Magic Dart
Press: ? - help, Shift-Dir - straight line, f/p - Terence
Aim: Terence, wielding a flail and wearing a scale mail (severely wounded)
The magic dart hits Terence.
Terence is severely wounded.
Terence hits you with a flail!
* * * LOW HITPOINT WARNING * * *
Casting: Magic Dart
Confirm with . or Enter, or press ? or * to list all spells.
Aiming: Magic Dart
Press: ? - help, Shift-Dir - straight line, f/p - Terence
Aim: Terence, wielding a flail and wearing a scale mail (severely wounded)
The magic dart hits Terence.
Terence is severely wounded.
Terence barely misses you. Terence says, "How do you enjoy it?"
Terence hits you with a flail.
You die...

♣...........# ########
............# #......#
.≈#.........# #......#
≈≈#.........# #......#
###.........##### #...)..#
................#####......######
....................'......>##...
............#<.@...##.......##...
.............###@..##............
...#######...+...####............
...# #....###.# #............
...# #.#### #.# #._........(.
...# #.# #.# #............ ...#
#.# #.# #.########... ...# #(#
#.# #.# #... [..# #)# #.# #.#
#... ...# ###)### #.# #w# ####


You could see Terence.

Vanquished Creatures
  Crazy Yiuf (D:2)
  An ooze (D:2)
  2 worms (D:2)
  2 giant geckos
  4 bats
  2 giant cockroaches
  5 goblins
  4 hobgoblins
  2 giant newts
  12 kobolds
  5 rats
40 creatures vanquished.

Vanquished Creatures (others)
  A quokka (D:2)
1 creature vanquished.

Grand Total: 41 creatures vanquished

Notes
Turn   | Place    | Note
--------------------------------------------------------------
     0 | D:1      | lucasterio the Octopode Wizard began the quest for the Orb.
     0 | D:1      | Reached XP level 1. HP: 11/11 MP: 4/4
   390 | D:1      | Reached XP level 2. HP: 15/17 MP: 0/6
   736 | D:2      | Found a white marble altar of Elyvilon.
   807 | D:2      | Found a snail-covered altar of Cheibriados.
   826 | D:2      | Reached XP level 3. HP: 18/21 MP: 1/7
  1138 | D:2      | Noticed Crazy Yiuf
  1186 | D:2      | Killed Crazy Yiuf
  1186 | D:2      | Reached XP level 4. HP: 27/27 MP: 0/9
  1215 | D:2      | Noticed Terence
  1549 | D:2      | Found a basalt altar of Yredelemnul.
  2150 | D:2      | Found a burning altar of Makhleb.
  2150 | D:2      | Noticed a blizzard demon
  2414 | D:2      | Slain by Terence

Action                   |  1- 3 |  4- 6 || total
-------------------------+-------+-------++-------
Melee: Whip              |    36 |     6 ||    42
 Cast: Magic Dart        |    58 |    58 ||   116
 Stab: Sleeping          |     1 |       ||     1
  Eat: Chunk             |       |     2 ||     2
       Beef jerky        |       |     1 ||     1
